 Dungeon Crawl Stone Soup version 0.31.0-12-g77e489cdc1 (webtiles) character file.

Game seed: 6835702118025035517

3670 sking99 the Geomancer (level 10, 0/63 HPs)
             Began as a Gargoyle Earth Elementalist on Feb 28, 2024.
             Was a Believer of Vehumet.
             Shot with a sling bullet by Joseph (7 damage)
             ... on level 7 of the Dungeon.
             The game lasted 00:16:27 (7435 turns).

sking99 the Geomancer (Gargoyle Earth Elementalist) Turns: 7435, Time: 00:16:27

Health: 0/63       AC: 12    Str: 12    XL:     10   Next: 13%
Magic:  1/17       EV: 13    Int: 20    God:    Vehumet [**....]
Gold:   446        SH:  0    Dex: 10    Spells: 11/19 levels left

rFire   . . .        q - +1 whip
rCold   . . .        (no shield)
rNeg    + . .        a - +0 robe
rPois   ∞            g - +0 helmet
rElec   +            (no cloak)
rCorr   .            d - +1 pair of gloves
SInv    .            (no boots)
Will    .....        (no amulet)
Stlth   ++           y - ring of flight
HPRegen 0.30/turn    (no ring)
MPRegen 0.15/turn

%: no passive effects
@: flying
A: sickness immunity, AC +7, negative energy resistance 1, electricity
resistance, torment resistance 1, petrification resistance
a: Renounce Religion


You were on level 7 of the Dungeon.
You worshipped Vehumet.
Vehumet was pleased with you.
You visited 2 branches of the dungeon, and saw 8 of its levels.
You also visited: Ossuary.

You collected 446 gold pieces.

Inventory:

Hand Weapons
 q - a +1 whip (weapon)
Armour
 a - a +0 robe (worn)
 d - a +1 pair of gloves (worn)
 g - a +0 helmet (worn)
Jewellery
 h - a ring of fire
 y - a ring of flight (left hand)
Wands
 c - a wand of polymorph (2)
 e - a wand of paralysis (6)
Scrolls
 o - a scroll of blinking
 p - a scroll of fog
 r - a scroll of identify
 t - a scroll of vulnerability
 w - a scroll of teleportation
Potions
 b - 2 potions of magic
 f - a potion of heal wounds
 i - a potion of mutation
 j - 2 potions of brilliance
 k - 5 potions of curing
 l - a potion of cancellation {unknown}
 m - 2 potions of attraction
 n - a potion of enlightenment {unknown}
 v - 2 potions of haste {unknown}
 x - 2 potions of lignification {unknown}


   Skills:
 * Level 7.4 Fighting
 + Level 4.4 Dodging
 - Level 2.6 Stealth
 + Level 5.0 Spellcasting
 - Level 6.4 Conjurations
 - Level 10.4 Earth Magic


You had 11 spell levels left.
You knew the following spells:

 Your Spells              Type           Power      Damage    Failure   Level
a - Sandblast             Erth           92%        2d19      1%          1
b - Stone Arrow           Conj/Erth      76%        3d11      1%          3
c - Brom's Barrelling Bo  Conj/Erth      38%        2d6       3%          4

Your spell library contained the following spells:

 Spells                   Type           Power      Damage    Failure   Level
 Static Discharge         Conj/Air       34%        3-5/arc   4%          2
 Passwall                 Erth           46%        N/A       1%          3
 Kiss of Death            Conj/Necr      68%        2d10      3%          1
 Sting                    Conj/Alch      68%        1d7       3%          1
 Apportation              Tloc           10%        N/A       12%         1
 Necrotise                Necr           20%        1d5       12%         1
 Summon Small Mammal      Summ           20%        N/A       12%         1
 Petrify                  Alch/Erth      25%        N/A       14%         4
 Confusing Touch          Hex            5%         N/A       34%         3
 Dispel Undead            Necr           5%         3d7       75%         4
 Summon Blazeheart Golem  Fire/Summ      5%         N/A       75%         4
 Orb of Destruction       Conj           15%        9d7       100%        7
 Spellforged Servitor     Conj/Summ      8%         N/A       100%        7


Dungeon Overview and Level Annotations

Branches:
Dungeon (7/15)             Temple (1/1) D:6         Ossuary (visited)

Altars:
Ashenzari
Cheibriados
Dithmenos
Elyvilon
Fedhas
Gozag
Hepliaklqana
Nemelex Xobeh
Okawaru
Qazlal
Ru
Sif Muna
Trog
Uskayaw
Vehumet
Wu Jian
Xom
Yredelemnul
Zin
The Shining One

Shops:
D:3 !*[!!

Annotations:
D:7 Joseph


Innate Abilities, Weirdness & Mutations

You are immune to sickness and miasma.
Your stone body is resilient. (AC +7)
You are immune to poison.
You resist negative energy. (rN+)
You are resistant to electric shocks. (rElec)
You are resistant to unholy torment.
You are immune to petrification.


Message History

You see here a yak corpse.
You reach down and close the door, pushing everything out of the way.
You see here a yak corpse.
You start resting.
Something unseen opens the door.
Casting: Sandblast (safe; 1% risk of failure)
Confirm with . or Enter, or press ? or * to list all spells.
Aiming: Brom's Barrelling Boulder (dangerous; 3% risk of failure)
Press: ? - help, Dir - move target You send a boulder barrelling forward!
Joseph shoots a sling bullet.
The sling bullet hits your boulder but does no damage.
Casting: Brom's Barrelling Boulder (dangerous; 3% risk of failure)
Confirm with . or Enter, or press ? or * to list all spells.
Aiming: Sandblast (safe; 1% risk of failure)
Press: ? - help, Shift-Dir - straight line, f - Joseph
Aim: Joseph, wielding a +0 sling and wearing a +0 ring mail (ally target, 87% to hit)
The blast of sand hits Joseph!
Joseph is moderately wounded.
Your boulder slams into a wall and explodes!
The rocky shrapnel hits Joseph but does no damage.
Joseph is moderately wounded.
Joseph shoots a sling bullet.
The sling bullet hits you!
Joseph shoots a sling bullet.
The sling bullet hits you!
Casting: Sandblast (safe; 1% risk of failure)
Confirm with . or Enter, or press ? or * to list all spells.
Aiming: Stone Arrow (safe; 1% risk of failure)
Press: ? - help, Shift-Dir - straight line, f/p - Joseph
Aim: Joseph, wielding a +0 sling and wearing a +0 ring mail (moderately wounded, 77% to hit)
The stone arrow hits Joseph!
Joseph is heavily wounded.
Joseph shoots a sling bullet.
The sling bullet hits you!
* * * LOW HITPOINT WARNING * * *
Joseph shoots a sling bullet.
The sling bullet hits you!
* * * LOW HITPOINT WARNING * * *
There is an open door here.
You reach down and close the door.
Something unseen opens the door.
Joseph shoots a sling bullet.
The sling bullet hits you!
You die...

.....#.......#..............#
.....#.......#####......<...#
.....#....?........##.......#
.....#.........@............#
#†##########†.##...##.......#
...###...###'###...##.......#
..........#....#....#.......#
..........#....#....#.......#
......(...#....#@...#.......#
..........#...†'....'.......#
#####....############.......#
...##....##.........#.......#
..........#.........#.......#
..........#.........'.......#
..........#.........#########
..........#.................
..........#.................


You could see Joseph.

Vanquished Creatures
  2 wyverns (D:7)
  5 yaks (D:7)
  5 black bears
  2 ice beasts
  A centaur (D:6)
  2 ogres (D:5)
  A phantom (D:6)
  2 bullfrogs
  A gnoll sergeant (D:5)
  6 water moccasin zombies (Ossuary)
  A burial acolyte (Ossuary)
  5 hounds
  2 jellies
  A gnoll bouda (D:4)
  5 orc priests
  2 iguanas (D:5)
  3 orc wizards
  2 sleepcaps
  Natasha (thrice) (D:4)
  3 crocodile zombies (Ossuary)
  2 mummies (Ossuary)
  7 gnolls
  9 adders
  A shadow imp (D:5)
  A white imp (D:7)
  2 ufetubi (D:6)
  6 adder zombies (Ossuary)
  A dart slug (D:5)
  2 ribbon worms (D:2)
  8 orcs
  2 bats
  5 endoplasms
  5 giant cockroaches
  14 gnoll zombies (Ossuary)
  8 goblins
  7 hobgoblins
  7 jackals (D:1)
  A quokka (D:2)
  3 ball pythons
  3 frilled lizards
  A goblin zombie (D:6)
  2 jackal zombies (Ossuary)
  7 kobolds
  An orc zombie (Ossuary)
  4 rats
  A rat zombie (D:6)
164 creatures vanquished.

Vanquished Creatures (collateral kills)
  A yak (D:7)
  A jackal zombie (Ossuary)
  6 boulders
8 creatures vanquished.

Vanquished Creatures (others)
  11 boulders
11 creatures vanquished.

Grand Total: 183 creatures vanquished

Notes
Turn   | Place    | Note
-------+----------+-------------------------------------------
     0 | D:1      | sking99 the Gargoyle Earth Elementalist began the quest for
                  | the Orb.
     0 | D:1      | Reached XP level 1. HP: 10/10 MP: 3/3
    63 | D:1      | Reached XP level 2. HP: 5/15 MP: 0/5
   606 | D:1      | Reached XP level 3. HP: 19/19 MP: 4/6
   705 | D:1      | Reached skill level 4 in Earth Magic
  1143 | D:2      | Reached XP level 4. HP: 24/24 MP: 5/7
  1620 | D:2      | Found a faded altar of an unknown god.
  1719 | D:3      | Reached skill level 5 in Earth Magic
  1835 | D:3      | You fall into a shaft and drop 1 floor!
  1854 | D:4      | Reached XP level 5. HP: 26/28 MP: 1/8
  1947 | D:4      | Noticed Natasha
  1953 | D:4      | Killed Natasha
  2030 | D:3      | Found Ovashro's Distillery.
  2043 | D:3      | Identified the +0 quarterstaff of Eternity {antimagic,
                  | ^Fragile rCorr Dex+2}
  2098 | D:3      | Reached skill level 6 in Earth Magic
  2183 | D:3      | Learned a level 3 spell: Stone Arrow
  2188 | D:3      | Learned a level 4 spell: Brom's Barrelling Boulder
  2248 | D:3      | Found Symeps's Distillery.
  2356 | D:3      | Found Gaghosma's Distillery.
  2406 | D:3      | Found Moisill's Armour Shop.
  2406 | D:3      | Found Ygar's Assorted Antiques.
  2700 | D:4      | Noticed Natasha
  2703 | D:4      | Killed Natasha
  2704 | D:4      | Reached XP level 6. HP: 32/32 MP: 6/9
  2940 | D:4      | Noticed Natasha
  2944 | D:4      | Killed Natasha
  2945 | D:4      | Reached skill level 7 in Earth Magic
  3359 | D:4      | Reached XP level 7. HP: 34/36 MP: 4/10
  3832 | D:5      | Entered Level 5 of the Dungeon
  3914 | D:5      | Reached skill level 8 in Earth Magic
  4076 | D:5      | Reached skill level 5 in Conjurations
  4317 | D:5      | Reached skill level 9 in Earth Magic
  4317 | D:5      | Reached XP level 8. HP: 41/41 MP: 8/11
  4763 | D:5      | Identified the +8 war axe of Crusades {venom, Will+ rCorr
                  | Str+5}
  4890 | D:5      | Reached skill level 10 in Earth Magic
  5167 | D:6      | Found a staircase to the Ecumenical Temple.
  5174 | Temple   | Entered the Ecumenical Temple
  5242 | Temple   | Became a worshipper of Vehumet
  5300 | D:6      | Found a stormy altar of Qazlal.
  5324 | D:6      | Reached skill level 1 in Fighting
  5462 | D:6      | Found a sand-covered staircase.
  5469 | Ossuary  | Entered an ossuary
  5538 | Ossuary  | Reached XP level 9. HP: 27/49 MP: 1/13
  5908 | Ossuary  | Reached * piety under Vehumet
  5908 | Ossuary  | Offered knowledge of Freeze by Vehumet.
  6309 | D:6      | Found a glowing golden altar of the Shining One.
  6844 | D:6      | Reached skill level 5 in Fighting
  6967 | D:7      | Found a shadowy altar of Dithmenos.
  7139 | D:7      | Found a sacrificial altar of Ru.
  7176 | D:7      | Found a white marble altar of Elyvilon.
  7176 | D:7      | Found a shimmering altar of Xom.
  7193 | D:7      | Found a bloodstained altar of Trog.
  7200 | D:7      | Found a snail-covered altar of Cheibriados.
  7379 | D:7      | Offered knowledge of Static Discharge by Vehumet.
  7380 | D:7      | Reached XP level 10. HP: 44/63 MP: 0/17
  7389 | D:7      | Reached ** piety under Vehumet
  7394 | D:7      | Reached skill level 5 in Spellcasting
  7413 | D:7      | Noticed Joseph
  7435 | D:7      | Shot with a sling bullet by Joseph

Illustrated notes

Levels and vault maps discovered:
D:1:      dpeg_arrival_simpleton_a, layout_basic
D:2:      layout_rooms, dilly_ecumenical_altar_fadedgnrine, minivault_23
D:3:      layout_loops_ring, serial_shops, shop, nicolae_shop_real_fake_doors,
          nicolae_shop_peninsula, nicolae_shop_gibbet_a_chance, shop
D:4:      layout_cave_pods, minmay_misc_feat_chi, uniq_natasha
D:5:      layout_gridville
D:6:      layout_loops_ring, grunt_qazlal_sundering,
          mainiacjoe_overflow_boulevard, minmay_temple_entry_ruins,
          enter_ossuary_4, serial_glass, glass_columns_b, glass_columns_a,
          glass_columns_a, glass_columns_b, glass_columns_a, glass_columns_a,
          glass_columns_a, glass_columns_a
D:7:      layout_gridville, nicolae_overflow_crystal_walls,
          minmay_overflow_temple_star_hex, uniq_joseph, uniq_maurice
Temple:   minmay_temple_forest_path

Skill      XL: |  1  2  3  4  5  6  7  8  9 10 |
---------------+-------------------------------+-----
Earth Magic    | 4 5 6 7 9 10 | 10.4
Conjurations   | 2 3 4 5 6 |  6.4
Fighting       | 2 7 |  7.4
Dodging        | 2 4 |  4.4
Spellcasting   | 4 5 |  5.0
Stealth        | |  2.6

Action                     |  1- 3 |  4- 6 |  7- 9 | 10-12 || total
---------------------------+-------+-------+-------+-------++-------
  Melee: Unarmed           |    31 |     8 |    22 |       ||    61
         Whip              |       |       |    42 |     5 ||    47
         Punch             |       |       |     1 |       ||     1
   Cast: Sandblast         |    50 |    80 |   128 |     6 ||   264
         Stone Arrow       |       |       |    15 |     1 ||    16
         Brom's Barrelling |       |       |    18 |     1 ||    19
    Use: Potion            |       |     3 |       |       ||     3
         Scroll            |       |       |    14 |       ||    14
 Armour: Robe              |    20 |    34 |    97 |     9 ||   160
  Dodge: Dodged            |    45 |    28 |    97 |     9 ||   179
